 Dungeon Crawl Stone Soup version 0.22-a0-580-gd5db89c (webtiles) character file.

119542 sking99 the Brawler (level 15, -3/149 HPs)
             Began as a Troll Monk on July 3, 2018.
             Was a High Priest of Jiyva.
             Slain by a four-headed hydra (8 damage)
             ... on level 1 of the Swamp.
             The game lasted 01:34:00 (26292 turns).

sking99 the Brawler (Troll Monk)                   Turns: 26292, Time: 01:34:00

Health: -3/149     AC: 20    Str: 23    XL:     15   Next: 97%
Magic:  16/21      EV: 10    Int: 10    God:    Jiyva [*****.]
Gold:   2515       SH: 22    Dex: 17    Spells: 14/14 levels left

rFire    + + .     SeeInvis .     - Unarmed
rCold    x . .     Gourm    +   I - +3 large shield {AC+3}
rNeg     . . .     Faith    .   n - +0 fire dragon scales
rPois    .         Spirit   .   S - +0 hat
rElec    .         Reflect  .   p - +1 cloak
rCorr    +         Harm     .   (gloves unavailable)
MR       +....                  (boots unavailable)
Stlth    ..........             M - amulet "Oraph" {Gourm Int+2 Dex+2}
HPRegen  0.74/turn              x - +2 ring of evasion
MPRegen  0.17/turn              v - +2 ring of protection

@: slowed, studying 2 skills, very slow
A: large, unfitting armour, claws 3, talons 1, fast metabolism 3, gourmand,
regeneration 1, shaggy fur 1, tough skin 2, wild magic 2
}: 1/15 runes: slimy
a: Request Jelly, Slimify, Cure Bad Mutation, Renounce Religion


You were on level 1 of the Swamp.
You worshipped Jiyva.
Jiyva was extremely pleased with you.
You were completely stuffed.

You visited 6 branches of the dungeon, and saw 30 of its levels.
You also visited: Ossuary, Ice Cave and Volcano.

You collected 2958 gold pieces.
You spent 443 gold pieces at shops.

Inventory:

Missiles
 T - 2 large rocks (quivered)
Armour
 n - +0 fire dragon scales (worn)
 p - a +1 cloak (worn)
 I - a +3 large shield of protection (worn)
 S - a +0 hat (worn)
Jewellery
 u - an uncursed ring of flight
 v - a +2 ring of protection (right claw)
 x - a +2 ring of evasion (left claw)
 K - an uncursed amulet of magic regeneration
 L - an uncursed ring of fire
 M - the amulet "Oraph" (around neck) {Gourm Int+2 Dex+2}
   (You found it on level 5 of the Pits of Slime)

   [amulet of the gourmand]

   It allows you to eat raw meat even when not hungry.
   It affects your intelligence (+2).
   It affects your dexterity (+2).
 U - an uncursed ring of wizardry
 V - the ring of Xanuwisk {rElec Stlth-}
   (You found it on level 5 of the Pits of Slime)

   [ring of loudness]

   It insulates you from electricity.
   It makes you less stealthy.
Wands
 A - a wand of acid (7)
 F - a wand of random effects (26)
 G - a wand of scattershot (6)
 O - a wand of digging (5)
Scrolls
 a - a scroll of fog
 e - 18 scrolls of remove curse
 g - 3 scrolls of amnesia
 r - 6 scrolls of teleportation
 t - 2 scrolls of enchant weapon
 y - 2 scrolls of holy word
 z - 3 scrolls of blinking
 B - a scroll of fear
 D - 5 scrolls of immolation
 H - 4 scrolls of identify
 Q - 2 scrolls of silence
 R - a scroll of enchant armour
Potions
 c - 3 potions of magic
 d - a potion of invisibility
 f - 4 potions of ambrosia
 h - 12 potions of curing
 i - 5 potions of mutation
 j - 5 potions of resistance
 k - 2 potions of berserk rage
 o - a potion of haste
 q - a potion of cancellation
 s - 2 potions of lignification
 w - 2 potions of flight
 C - a potion of heal wounds
 E - 5 potions of agility
 N - 4 potions of might
 P - 3 potions of brilliance
Books
 l - a manual of Fire Magic
 J - a manual of Invocations
Miscellaneous
 m - a lamp of fire
Comestibles
 b - 57 rations
 W - 6 chunks of flesh


   Skills:
 + Level 10.2 Fighting
 + Level 5.8 Armour
 - Level 2.4 Dodging
 - Level 1.0 Stealth
 + Level 11.7 Shields
 - Level 18.1 Unarmed Combat
   Level 10.0 Invocations


You had 14 spell levels left.
You didn't know any spells.
Your spell library contained the following spells:

 Spells                   Type           Power        Failure   Level  Hunger
 Magic Dart               Conj           #...         97%         1    ##.....
 Apportation              Tloc           #.....       97%         1    ##.....
 Conjure Flame            Conj/Fire      #.......     100%        3    ####...
 Slow                     Hex            #.......     99%         2    ###....
 Confuse                  Hex            #.......     100%        3    ####...
 Mephitic Cloud           Conj/Pois/Air  #.......     100%        3    ####...
 Summon Small Mammal      Summ           #...         97%         1    ##.....
 Blink                    Tloc           N/A          99%         2    ###....
 Animate Skeleton         Necr           N/A          97%         1    ##.....
 Call Imp                 Summ           #.......     99%         2    ###....
 Stone Arrow              Conj/Erth      #.....       100%        3    ####...
 Statue Form              Tmut/Erth      #........    100%        6    #######
 Dragon Form              Tmut           #.........   100%        7    #######
 Confusing Touch          Hex            #.....       97%         1    ##.....
 Passwall                 Tmut/Erth      #.......     99%         2    ###....
 Metabolic Englaciation   Hex/Ice        #.........   100%        5    ######.
 Lee's Rapid Deconstruct  Erth           #.........   100%        5    ######.
 Sandblast                Erth           #.....       97%         1    ##.....
 Petrify                  Tmut/Erth      #.......     100%        4    #####..
 Hydra Form               Tmut           #.........   100%        6    #######
 Irradiate                Conj/Tmut      #.........   100%        5    ######.
 Gell's Gravitas          Tloc           #.........   100%        3    ####...
 Yara's Violent Unravell  Hex/Tmut       #.........   100%        5    ######.


Dungeon Overview and Level Annotations

Branches:
Dungeon (15/15)            Temple (1/1) D:5            Lair (6/6) D:9
  Swamp (1/4) Lair:3        Snake (0/4) Lair:2        Slime (5/5) Lair:6
    Orc (2/2) D:10            Elf (0/3) Orc:2        Vaults (0/5) D:13
 Depths (0/5) D:15

Altars:
Ashenzari
Cheibriados
Dithmenos
Elyvilon
Fedhas
Gozag
Hepliaklqana
Kikubaaqudgha
Makhleb
Nemelex Xobeh
Okawaru
Qazlal
Ru
Sif Muna
Trog
Uskayaw
Vehumet
Wu Jian
Xom
Yredelemnul
Zin
The Shining One
Jiyva

Shops:
D:7 :   D:8 *   D:11 (   Orc:2 *[!!!

Annotations:
D:10 Sonja
Lair:4 3 runed doors, sking99's ghost, journeyman TrMo
Lair:5 3 runed doors, Dudiycywn's ghost, journeyman HaGl
Lair:6 exclusion: 2 oklob plants
Slime:5 Royal Jelly


Innate Abilities, Weirdness & Mutations

You are too large for most types of armour.
You have claws for hands.
Your metabolism is lightning-fast.
You like to eat raw meat.
Your natural rate of healing is unusually fast.
You are covered in fur. (AC +1)
You have very tough skin. (AC +2)
You have sharp toenails.
Your spells are harder to cast, but more powerful.


Message History

The four-headed hydra bites you.
The bog body gestures at you while chanting.
You easily resist.
You scratch the bog body. You claw the bog body.
The bog body is moderately damaged.
You block the four-headed hydra's attack. x2
The four-headed hydra bites you! The four-headed hydra bites you.
* * * LOW HITPOINT WARNING * * *
The bog body hits you!
* * * LOW HITPOINT WARNING * * *
The bog body touches you.
* * * LOW HITPOINT WARNING * * *
The bog body freezes you!!
You feel a terrible chill!
* * * LOW HITPOINT WARNING * * *
The swamp drake breathes noxious fumes at you.
The noxious blast engulfs the bog body.
The bog body appears unharmed.
The tyrant leech is engulfed in noxious fumes.
You block the four-headed hydra's attack.
The four-headed hydra bites you!
You die...

≈≈[. ♣.. ≈.≈§ ♣♣♣ ♣♣♣♣♣ ♣♣ ..≈≈
.≈. ♣≈♣♣♣♣...♣♣♣. ≈.≈≈≈≈.
)≈♣♣♣≈≈.....≈.♣.. ♣≈.≈≈≈≈.♣
♣..♣...≈..≈≈J♣♣≈ ≈≈≈.≈≈≈≈♣♣♣
♣♣....§≈≈≈≈≈J≈.≈.
....§.≈≈≈≈.§♣♣♣≈...≈≈≈≈≈≈≈≈≈.J≈
≈≈≈≈§.≈≈≈.≈§§D@.....≈≈.≈≈J≈≈...
≈≈≈≈..≈≈≈≈§§wn≈.≈.≈♣..≈≈.≈..≈♣.
≈≈........≈kw§≈≈♣♣♣♣♣.≈≈≈≈.♣♣♣.
≈≈.♣≈≈♣≈..W....≈♣ ♣...≈.♣♣ ♣♣
.....§♣....≈≈..♣♣ ♣♣♣.≈.♣ ♣
≈≈≈≈≈≈)...♣♣♣♣♣♣ ♣..≈≈♣ ♣
≈≈.≈≈≈...♣♣ .......♣
≈≈.≈≈≈≈≈..♣ ...?......
≈≈..≈§≈≈...♣ .....#.#..≈


You could see a four-headed hydra, 2 tyrant leeches, a bog body, a wraith and a
swamp drake.

Vanquished Creatures
  Kirke (Lair:5)
  A dire elephant (D:15)
  Josephine (Swamp:1)
  2 fire dragons
  6 hydras
  2 vault guards (D:13)
  Erolcha (D:11)
  An anaconda (Lair:6)
  2 catoblepae
  3 alligators
  3 centaur warriors
  7 two-headed ogres
  A tengu warrior (D:13)
  3 orc high priests (Orc:2)
  Nergalle (Lair:1)
  18 skeletal warriors
  2 unseen horrors
  A lindwurm (Volcano)
  2 wizards (D:13)
  2 swamp dragons
  8 ugly things
  3 orc knights (Orc:2)
  A necromancer (D:13)
  4 orc sorcerers (Orc:2)
  2 wolf spider zombies
  A wolf spider (D:15)
  A salamander (D:15)
  2 manticores
  3 deep elf magi
  A cyclops (D:8)
  3 black mambas
  19 elephants
  4 gargoyles
  8 spiny frogs
  7 komodo dragons
  A yaktaur (D:13)
  2 rime drakes
  3 kobold demonologists
  2 freezing wraiths
  4 trolls
  12 polar bears
  9 blink frogs
  Grinder (D:6)
  A raiju (Lair:6)
  9 hippogriffs
  A shadow (D:15)
  3 wyverns
  4 wraiths (Swamp:1)
  32 yaks
  7 fire bats
  A fire elemental (Lair:5)
  2 hogs (Lair:5)
  7 basilisks
  3 hungry ghosts
  14 vampire mosquitoes
  15 humans (D:13)
  A steam dragon (Volcano)
  Grum (Lair:1)
  6 acid dragons
  3 nagas (Lair:2)
  A soldier ant (D:12)
  5 swamp worms (Lair:4)
  8 wargs
  11 porcupines
  13 water moccasins
  5 swamp drakes
  16 hell hounds
  3 sky beasts
  18 orc warriors
  16 black bears
  An eye of draining (D:8)
  3 necrophages (D:12)
  2 phantoms
  10 ice beasts
  9 ogres
  A hornet zombie (D:8)
  44 wolves
  2 centaurs
  21 crocodiles
  2 big kobolds
  11 bullfrogs
  A wyvern zombie (D:14)
  4 scorpions
  3 wyvern skeletons
  7 killer bees
  22 wights
  2 howler monkeys (D:9)
  An electric eel (Lair:1)
  5 bullfrog zombies
  5 crimson imps
  A quasit (D:12)
  A lava snake (Lair:5)
  9 hounds
  6 centaur zombies
  A gnoll shaman (D:3)
  2 jellies
  11 orc priests
  Crazy Yiuf (D:3)
  2 bullfrog skeletons
  7 centaur skeletons
  3 iguanas
  27 orc wizards
  11 worker ants
  2 big kobold zombies (Ossuary)
  A hound zombie (D:5)
  4 mummies (Ossuary)
  A howler monkey zombie (D:5)
  Robin (D:2)
  3 worker ant zombies
  7 gnolls
  7 adders
  8 shadow imps
  An ooze (D:1)
  A worm (D:6)
  3 leopard geckos
  82 orcs
  2 ball pythons
  8 giant cockroaches
  17 goblins
  7 hobgoblins
  17 jackals
  8 quokkas
  7 bats
  5 frilled lizards
  A goblin zombie (D:8)
  2 hobgoblin zombies (Ossuary)
  18 kobolds
  22 rats
  A rat zombie (D:8)
  A fungus (Lair:2)
  A plant (Lair:6)
843 creatures vanquished.

Vanquished Creatures (collateral kills)
  A necromancer (D:13)
  A human (D:13)
2 creatures vanquished.

Vanquished Creatures (others)
  An acid blob (Slime:5)
  A hydra (Lair:4)
  2 unseen horrors (D:11)
  A black mamba (Lair:6)
  A kobold demonologist (D:14)
  6 slime creatures
  A tengu conjurer (D:13)
  2 humans (Lair:5)
  2 golden eyes (Slime:1)
  A water moccasin (D:11)
  An orc warrior (Orc:2)
  3 big kobolds
  A crimson imp (D:14)
  41 jellies
  3 orc priests (Orc:2)
  An iguana (D:11)
  2 orc wizards (Orc:2)
  An ooze (Orc:2)
  4 orcs
  6 kobolds
  A bush (Lair:2)
  A fire vortex (Lair:5)
  7 fungi
  15 plants
  6 withered plants (Lair:4)
111 creatures vanquished.

Grand Total: 956 creatures vanquished

Notes
Turn   | Place    | Note
-------+----------+-------------------------------------------
     0 | D:1      | sking99 the Troll Monk began the quest for the Orb.
     0 | D:1      | Reached XP level 1. HP: 22/22 MP: 0/0
   109 | D:1      | Reached XP level 2. HP: 26/29 MP: 1/1
   812 | D:2      | Reached XP level 3. HP: 36/36 MP: 2/2
   894 | D:2      | Reached skill level 4 in Unarmed Combat
  1528 | D:2      | Noticed Robin
  1545 | D:2      | Killed Robin
  1558 | D:2      | Reached XP level 4. HP: 22/45 MP: 3/3
  1946 | D:3      | Reached XP level 5. HP: 42/53 MP: 4/4
  2124 | D:3      | Reached skill level 5 in Unarmed Combat
  2133 | D:3      | Reached skill level 1 in Shields
  2364 | D:3      | Reached XP level 6. HP: 35/61 MP: 5/5
  2564 | D:3      | Found a runed door.
  2682 | D:3      | Noticed Crazy Yiuf
  2703 | D:3      | Killed Crazy Yiuf
  2912 | D:4      | Reached skill level 6 in Unarmed Combat
  3122 | D:4      | Reached XP level 7. HP: 59/70 MP: 6/6
  3148 | D:4      | Found a bloodstained altar of Trog.
  3243 | D:4      | Found a deep blue altar of Sif Muna.
  3539 | D:5      | Entered Level 5 of the Dungeon
  3687 | D:5      | Reached skill level 7 in Unarmed Combat
  3721 | D:5      | Found a staircase to the Ecumenical Temple.
  3731 | Temple   | Entered the Ecumenical Temple
  3821 | Temple   | Became a worshipper of Elyvilon the Healer
  3821 | Temple   | Reached * piety under Elyvilon
  3821 | Temple   | Reached ** piety under Elyvilon
  3924 | D:5      | Reached skill level 1 in Invocations
  3946 | D:5      | Reached XP level 8. HP: 40/79 MP: 6/8
  4507 | D:6      | Reached skill level 8 in Unarmed Combat
  4719 | D:6      | Reached *** piety under Elyvilon
  4798 | D:6      | Noticed a deep elf mage
  4804 | D:6      | Killed a deep elf mage
  5021 | D:6      | Noticed Grinder
  5023 | D:6      | Paralysed by Grinder for 3 turns
  5031 | D:6      | Killed Grinder
  5031 | D:6      | Reached skill level 9 in Unarmed Combat
  5031 | D:6      | Reached XP level 9. HP: 85/85 MP: 10/10
  5551 | D:7      | Found Naucsept's Book Emporium.
  5769 | D:8      | Found a sand-covered staircase.
  5793 | Ossuary  | Entered an ossuary
  5828 | Ossuary  | Reached **** piety under Elyvilon
  5880 | Ossuary  | Reached skill level 5 in Shields
  5957 | D:8      | Reached skill level 10 in Unarmed Combat
  6088 | D:8      | You fall through a shaft for 2 floors!
  6088 | D:10     | Entered Level 10 of the Dungeon
  6190 | D:9      | Found a staircase to the Lair.
  6346 | D:9      | Reached skill level 5 in Invocations
  6393 | D:9      | Noticed a two-headed ogre
  6408 | D:9      | Killed a two-headed ogre
  6408 | D:9      | Reached XP level 10. HP: 25/94 MP: 12/12
  6811 | D:9      | Reached skill level 11 in Unarmed Combat
  7027 | D:8      | Noticed a cyclops
  7067 | D:8      | Killed a cyclops
  7076 | D:8      | Noticed a centaur warrior
  7095 | D:8      | Killed a centaur warrior
  7299 | D:8      | Reached skill level 12 in Unarmed Combat
  7399 | D:8      | Noticed a two-headed ogre
  7415 | D:8      | Killed a two-headed ogre
  7415 | D:8      | Reached XP level 11. HP: 90/101 MP: 14/14
  7558 | D:8      | Found Keutys's Serpentskin Sales.
  7659 | D:8      | Reached ***** piety under Elyvilon
  8194 | D:10     | Found a staircase to the Orcish Mines.
  8438 | D:10     | Noticed a two-headed ogre
  8454 | D:10     | Killed a two-headed ogre
  8696 | D:10     | HP: 5/101 [something (3)]
  8716 | D:10     | Killed an unseen horror
  8859 | D:10     | Reached skill level 13 in Unarmed Combat
  9147 | D:10     | Noticed Sonja
  9225 | D:10     | Noticed a two-headed ogre
  9231 | D:10     | Killed a two-headed ogre
  9482 | Lair:1   | Entered Level 1 of the Lair of Beasts
  9590 | Lair:1   | Noticed Grum
  9604 | Lair:1   | Killed Grum
  9641 | Lair:1   | Found a frozen archway.
  9696 | IceCv    | Entered an ice cave
  9787 | IceCv    | Noticed a white ugly thing
  9795 | IceCv    | Killed a white ugly thing
 10022 | Lair:1   | Noticed Nergalle
 10044 | Lair:1   | Killed Nergalle
 10455 | Lair:1   | Reached XP level 12. HP: 109/109 MP: 17/17
 10661 | Lair:2   | Reached skill level 14 in Unarmed Combat
 10839 | Lair:2   | Noticed a five-headed hydra
 10855 | Lair:2   | Pacified a nine-headed hydra
 10988 | Lair:2   | Found a staircase to the Snake Pit.
 11886 | Lair:3   | Reached skill level 15 in Unarmed Combat
 12070 | Lair:3   | Found a staircase to the Swamp.
 12574 | Lair:4   | Noticed a seven-headed hydra
 12584 | Lair:4   | Pacified a ten-headed hydra
 12594 | Lair:4   | Found a runed gate.
 12601 | Lair:4   | Found a runed gate.
 12607 | Lair:4   | Reached XP level 13. HP: 117/117 MP: 19/19
 12614 | Lair:4   | Reached skill level 5 in Fighting
 12657 | Lair:4   | Found a runed gate.
 13054 | Lair:4   | Elyvilon protects you from harm!
 13111 | Lair:4   | Identified a scroll of acquirement
 13323 | Lair:4   | Reached skill level 10 in Invocations
 13669 | Lair:4   | Noticed sking99's ghost (journeyman TrMo)
 13671 | Lair:4   | Noticed sking99's ghost (journeyman TrMo)
 13796 | Lair:5   | Reached skill level 16 in Unarmed Combat
 13949 | Lair:5   | Noticed Kirke
 14027 | Lair:5   | Killed Kirke
 14314 | Lair:5   | Noticed Dudiycywn's ghost (journeyman HaGl)
 14338 | Lair:5   | Found a runed gate.
 14563 | Lair:5   | Found a runed gate.
 14563 | Lair:5   | Found a runed gate.
 14954 | Lair:6   | Entered Level 6 of the Lair of Beasts
 15363 | Lair:6   | Reached XP level 14. HP: 122/133 MP: 20/20
 15509 | Lair:6   | Reached skill level 17 in Unarmed Combat
 15563 | Lair:6   | Found a viscous altar of Jiyva.
 15563 | Lair:6   | Found a staircase to the Slime Pits.
 17815 | Lair:6   | Fell from the grace of Elyvilon
 17815 | Lair:6   | Became a worshipper of Jiyva Jyizobar the Shapeless
 18093 | D:11     | Found Jirph's Antique Weapon Shoppe.
 18522 | D:10     | Reached * piety under Jiyva
 18896 | D:10     | Reached skill level 10 in Shields
 19250 | D:9      | Reached ** piety under Jiyva
 19489 | D:11     | Noticed Erolcha
 19494 | D:11     | Killed Erolcha
 20401 | D:12     | Reached skill level 18 in Unarmed Combat
 20474 | D:12     | Reached *** piety under Jiyva
 20504 | D:12     | Gained mutation: You possess an exceptional clarity of mind. [Jiyva's grace]
 20546 | D:12     | Found a stormy altar of Qazlal.
 20634 | D:12     | Reached **** piety under Jiyva
 20640 | D:12     | Gained mutation: Your spells are a little harder to cast, but a little more powerful. [Jiyva's grace]
 20721 | D:12     | HP: 6/137 [eight-headed hydra (14)]
 21015 | Orc:1    | Entered Level 1 of the Orcish Mines
 21140 | Orc:1    | Gained mutation: You are resistant to hostile enchantments. (MR+) [Jiyva's grace]
 21180 | Orc:2    | Entered Level 2 of the Orcish Mines
 21180 | Orc:2    | Found a staircase to the Elven Halls.
 21244 | Orc:2    | Lost mutation: You possess an exceptional clarity of mind. [Jiyva's grace]
 21278 | Orc:2    | Reached ***** piety under Jiyva
 21293 | Orc:2    | Found a shimmering altar of Xom.
 21295 | Orc:2    | Gained mutation: Your rubbery body absorbs attacks. (AC +1, EV +1) [Jiyva's grace]
 21330 | Orc:2    | Found a dark tunnel.
 21338 | Volcano  | Entered a volcano
 21494 | Volcano  | Reached skill level 1 in Armour
 21603 | Volcano  | Gained mutation: Your body has grown golden eyes which may confuse attackers. (Acc +3) [Jiyva's grace]
 21796 | Orc:2    | Reached ****** piety under Jiyva
 21802 | Orc:2    | Gained mutation: You are frail. (-10% HP) [Jiyva's grace]
 21804 | Orc:2    | Lost mutation: You are frail. (-10% HP) [Jiyva's power]
 21838 | Orc:2    | Reached XP level 15. HP: 133/145 MP: 21/21
 21852 | Orc:2    | Gained mutation: You have a pair of small horns on your head. [Jiyva's grace]
 21927 | Orc:2    | Gained mutation: Your spells are harder to cast, but more powerful. [Jiyva's grace]
 21959 | Orc:2    | Found Zuelax's Distillery.
 21966 | Orc:2    | Found Mikemmec's Assorted Antiques.
 21973 | Orc:2    | Found Wuuge's Antique Armour Emporium.
 21979 | Orc:2    | Found Huaboc's Distillery.
 21987 | Orc:2    | Bought a potion of heal wounds for 55 gold pieces
 21987 | Orc:2    | Bought a potion of invisibility for 88 gold pieces
 22040 | Orc:2    | Found Maere's Distillery.
 22046 | Orc:2    | Bought 2 potions of resistance for 300 gold pieces
 22316 | Orc:1    | Gained mutation: You have an increased reservoir of magic. (+10% MP) [Jiyva's grace]
 22943 | D:13     | Lost mutation: You have an increased reservoir of magic. (+10% MP) [Jiyva's grace]
 23252 | D:13     | Lost mutation: Your rubbery body absorbs attacks. (AC +1, EV +1) [Jiyva's grace]
 23565 | D:13     | Found a gate to the Vaults.
 23719 | D:13     | Lost mutation: You have a pair of small horns on your head. [Jiyva's grace]
 24144 | D:14     | Lost mutation: Your body has grown golden eyes which may confuse attackers. (Acc +3) [Jiyva's grace]
 24288 | D:14     | Reached skill level 5 in Armour
 24367 | D:14     | Lost mutation: You are resistant to hostile enchantments. (MR+) [Jiyva's grace]
 24602 | D:15     | Entered Level 15 of the Dungeon
 24742 | D:15     | Reached skill level 10 in Fighting
 24886 | D:15     | Gained mutation: Your system is resistant to poisons. (rPois) [Jiyva's grace]
 25236 | D:15     | Found a staircase to the Depths.
 25258 | D:15     | HP: 7/149 [wolf spider (5)]
 25268 | D:15     | HP: 3/149 [14-headed hydra (5)]
 25689 | D:14     | Gained mutation: Potions are less effective at restoring your health. [Jiyva's grace]
 25690 | D:14     | Lost mutation: Potions are less effective at restoring your health. [Jiyva's power]
 25922 | Slime:1  | Entered Level 1 of the Pits of Slime
 25922 | Slime:1  | Noticed an acid blob
 25922 | Slime:1  | Noticed an azure jelly
 25934 | Slime:2  | Noticed an acid blob
 25941 | Slime:3  | Noticed an azure jelly
 25946 | Slime:3  | Noticed an acid blob
 25956 | Slime:5  | Entered Level 5 of the Pits of Slime
 25967 | Slime:5  | Noticed an acid blob
 25975 | Slime:5  | Found a viscous altar of Jiyva.
 25975 | Slime:5  | Noticed an acid blob
 25976 | Slime:5  | Noticed the Royal Jelly
 25976 | Slime:5  | Noticed an acid blob
 25978 | Slime:5  | Gained mutation: You are covered in slimy tendrils that may disarm your opponents. [Jiyva's grace]
 25982 | Slime:5  | Lost mutation: Your system is resistant to poisons. (rPois) [Jiyva's grace]
 25986 | Slime:5  | Lost mutation: You are covered in slimy tendrils that may disarm your opponents. [Jiyva's grace]
 25988 | Slime:5  | Noticed an acid blob
 25989 | Slime:5  | Noticed an acid blob
 25993 | Slime:5  | Got a scintillating crystal amulet
 25995 | Slime:5  | Gained mutation: You tend to lose your temper in combat. [Jiyva's grace]
 25998 | Slime:5  | Killed an acid blob
 26009 | Slime:5  | Got a slimy rune of Zot
 26011 | Slime:5  | Noticed an acid blob
 26019 | Slime:5  | Got a brightly glowing amber ring
 26053 | Slime:5  | Noticed an acid blob
 26093 | Slime:3  | Noticed an acid blob
 26098 | Slime:3  | Noticed an azure jelly
 26107 | Slime:1  | Identified the amulet "Oraph" {Gourm Int+2 Dex+2} (You found it on level 5 of the Pits of Slime)
 26108 | Slime:1  | Identified the ring of Xanuwisk {rElec Stlth-} (You found it on level 5 of the Pits of Slime)
 26166 | Lair:5   | Gained mutation: You have sharp toenails. [Jiyva's grace]
 26202 | Swamp:1  | Entered Level 1 of the Swamp
 26228 | Swamp:1  | Lost mutation: You tend to lose your temper in combat. [Jiyva's power]
 26268 | Swamp:1  | Noticed Josephine
 26276 | Swamp:1  | Killed Josephine
 26291 | Swamp:1  | HP: 4/149 [bog body (24)]
 26292 | Swamp:1  | Slain by a four-headed hydra

Vault maps used:
D:1:      eino_arrival_water_cross, minmay_hexomino_f4
D:2:      uniq_robin
D:3:      first_ration, minmay_rat_hole, uniq_crazy_yiuf_cottage
D:4:      lemuel_blue_sif_altar, trog_butcher_becter
D:5:      minmay_temple_entry_statues_fountains
D:6:      guppyfry_early_elven_hall, uniq_grinder
D:7:      serial_shops, shop, grunt_ogre_cave
D:8:      minmay_klotski, enter_ossuary_4, minmay_hedge_maze,
          guppyfry_shop_venom
D:9:      dpeg_oklobed_lair
D:10:     orc_0_dummy, uniq_sonja
D:11:     hangedman_cross_stitches, serial_shops, shop,
          statue_in_the_mist_lemuel, nicolae_two_hexagons, uniq_erolcha
D:12:     serial_undead, serial_undead_a, serial_undead_c, serial_undead_f,
          serial_undead_e, nicolae_twisting_strands,
          nicolae_qazlal_style_of_elements
D:13:     minmay_curly_fans, grunt_vaults_entry_tiered
D:14:     minmay_misc_feat_iff
D:15:     hangedman_depths_entry_try_elsewhere_first, dk_noncrumbling_4
Temple:   compressed_dpeg_circular_temple
Lair:1:   portal_ice_cave_entry_pillars_2, serial_bayou_shore_a, uniq_grum,
          uniq_nergalle
Lair:2:   minmay_snake_entry_guardpost_small, grunt_forest_large_clearings
Lair:3:   swamp_mist, grunt_megastairs_5, lemuel_fruit_fields,
          serial_bayou_shore_b
Lair:4:   onia_ninara_swampy_vault, gammafunk_ghost_cemetery, lemuel_fruit_tree
Lair:5:   gammafunk_ghost_icy, st_stairs_8, grunt_megastairs_2, uniq_kirke
Lair:6:   hangedman_lair_caniforms_friends, guppyfry_lair_end_dragon,
          dpeg_slime_entry_enclosed_altar, st_stairs_13, lemuel_fruit_fields,
          minmay_lair_oklob_chamber
Swamp:1:  evilmike_swamp_ruin_rubble_2, infiniplex_staircase_pool,
          uniq_josephine
Orc:2:    st_orc_elflike, basic_altar, serial_shops, shop, enter_volcano_3
Ossuary:  ossuary_the_hunt_dpeg
IceCv:    ice_cave_statue_garden_chambered
Volcano:  volcano_pools

Skill      XL: |  1  2  3  4  5  6  7  8  9 10 11 12 13 14 15 |
---------------+----------------------------------------------+-----
Unarmed Combat | 4 5 6 7 9 10 12 13 15 16 18 | 18.1
Fighting       | 3 4 7 8 10 | 10.2
Shields        | 1 2 3 4 5 6 8 9 10 11 | 11.7
Invocations    | 1 3 5 6 8 9 10 | 10.0
Armour         | 1 5 |  5.8
Dodging        | |  2.4
Stealth        | |  1.0

Action                   |  1- 3 |  4- 6 |  7- 9 | 10-12 | 13-15 || total
-------------------------+-------+-------+-------+-------+-------++-------
Melee: Unarmed           |   119 |   176 |   406 |   834 |  1690 ||  3225
       Headbutt          |       |       |       |       |    71 ||    71
       Kick              |       |       |       |       |    11 ||    11
Throw: Throwing net      |       |       |       |     4 |     6 ||    10
       Large rock        |       |       |       |       |    14 ||    14
Invok: Greater Healing   |       |       |       |     9 |     9 ||    18
       Heal Other        |       |       |       |     2 |     4 ||     6
       Request Jelly     |       |       |       |       |    11 ||    11
       Slimify           |       |       |       |       |    11 ||    11
       Purification      |       |       |       |       |     2 ||     2
       Cure Bad Mutation |       |       |       |       |     4 ||     4
       Divine Protection |       |       |       |       |     1 ||     1
Evoke: Wand              |       |       |       |       |     8 ||     8
       Lamp of fire      |       |       |       |       |     1 ||     1
  Use: Scroll            |       |     9 |     5 |    12 |    22 ||    48
       Potion            |       |       |     1 |     1 |     8 ||    10
 Stab: Sleeping          |     3 |     2 |     9 |     3 |     1 ||    18
       Invisible         |       |     1 |     2 |       |     4 ||     7
       Distracted        |       |       |     2 |       |     1 ||     3
       Held in net/web   |       |       |       |     2 |     7 ||     9
       Petrified         |       |       |       |       |     2 ||     2
       Confused          |       |       |       |       |    17 ||    17
  Eat: Chunk             |    19 |    15 |    35 |    59 |    90 ||   218
       Ration            |       |       |       |       |     4 ||     4
Armor: Robe              |    43 |    39 |   101 |    62 |       ||   245
       Troll leather arm |       |       |       |   160 |   434 ||   594
       Fire dragon scale |       |       |       |       |   234 ||   234
Dodge: Dodged            |    54 |    44 |    83 |   263 |   434 ||   878
Block: Shield            |       |    84 |   207 |   538 |    85 ||   914
       Large shield      |       |       |       |       |  1659 ||  1659

Table legend:
 A = Spawn XP
 B = Non-spawn XP
 C = Spawn XP percentage of total XP
 D = Spawn monster count
 E = Non-spawn monster count
 F = Spawn count percentage of total count
 G = Total turns spent on level
                    A         B        C        D         E        F      G
               +---------+---------+-------+---------+---------+-------+---------
         Total |       0 |  150112 |   0.0 |       0 |     845 |   0.0 | 26292
               +---------+---------+-------+---------+---------+-------+---------
           D:1 |       0 |      36 |   0.0 |       0 |      20 |   0.0 |   760
           D:2 |       0 |      70 |   0.0 |       0 |      31 |   0.0 |  1051
           D:3 |       0 |     368 |   0.0 |       0 |      51 |   0.0 |  1026
           D:4 |       0 |     292 |   0.0 |       0 |      19 |   0.0 |   767
           D:5 |       0 |     923 |   0.0 |       0 |      34 |   0.0 |   764
           D:6 |       0 |    1164 |   0.0 |       0 |      17 |   0.0 |   751
           D:7 |       0 |     903 |   0.0 |       0 |      25 |   0.0 |   704
           D:8 |       0 |    4932 |   0.0 |       0 |      44 |   0.0 |  1222
           D:9 |       0 |    3392 |   0.0 |       0 |      29 |   0.0 |  1174
          D:10 |       0 |    6825 |   0.0 |       0 |      53 |   0.0 |  2354
          D:11 |       0 |    6632 |   0.0 |       0 |      21 |   0.0 |  1135
          D:12 |       0 |    6584 |   0.0 |       0 |      44 |   0.0 |  1200
          D:13 |       0 |   12941 |   0.0 |       0 |      48 |   0.0 |   930
          D:14 |       0 |   17431 |   0.0 |       0 |      39 |   0.0 |   853
          D:15 |       0 |    8751 |   0.0 |       0 |      23 |   0.0 |  1071
        Lair:1 |       0 |    3484 |   0.0 |       0 |      18 |   0.0 |  1021
        Lair:2 |       0 |    8898 |   0.0 |       0 |      45 |   0.0 |  1307
        Lair:3 |       0 |    5301 |   0.0 |       0 |      20 |   0.0 |   989
        Lair:4 |       0 |    9763 |   0.0 |       0 |      26 |   0.0 |  1250
        Lair:5 |       0 |   10237 |   0.0 |       0 |      37 |   0.0 |  1345
        Lair:6 |       0 |   22536 |   0.0 |       0 |     109 |   0.0 |  2441
       Swamp:1 |       0 |    4373 |   0.0 |       0 |      11 |   0.0 |    90
         Orc:1 |       0 |    1014 |   0.0 |       0 |      19 |   0.0 |   446
         Orc:2 |       0 |    8636 |   0.0 |       0 |      34 |   0.0 |   607
       Ossuary |       0 |     303 |   0.0 |       0 |      12 |   0.0 |   160
         IceCv |       0 |    1372 |   0.0 |       0 |       7 |   0.0 |   206
       Volcano |       0 |    2951 |   0.0 |       0 |       9 |   0.0 |   349
               +---------+---------+-------+---------+---------+-------+---------
